 Dungeon Crawl Stone Soup version 0.30-a0-322-g102857c98e (webtiles) character file.

Game seed: 5326201847423903355

5931 oldmanjim the Thaumaturge (level 11, -14/79 HPs)
             Began as a Djinni Summoner on Oct 28, 2022.
             Was a Follower of Ashenzari.
             Demolished by a two-headed ogre
             ... wielding a +0 giant club
              (25 damage)
             ... on level 8 of the Dungeon.
             The game lasted 01:02:41 (6715 turns).

oldmanjim the Thaumaturge (Djinni Summoner)         Turns: 6715, Time: 01:02:41

Health: -14/79     AC:  6    Str: 10    XL:     11   Next: 9%
Gold:   400        EV: 15    Int: 20    God:    Ashenzari [*.....] SH:  0 Dex: 15

rFire   + + .      SeeInvis .    a - +0 spear
rCold   . . .      Faith    .    (no shield)
rNeg    . . .      Spirit   .    e - +0 leather armour of Ashenzari's Scepticism {Range, Evo} (curse)
rPois   ∞          Reflect  .    q - +0 helmet
rElec   .          Harm     .    (no cloak)
rCorr   .          Rampage  .    d - +1 pair of gloves of the Restrained Sky {Str+3, Cun, Self} (curse)
Will    +....                    (boots unavailable)
Stlth   ++........               (no amulet)
HPRegen 0.33/turn                f - ring of protection from cold
MPRegen 0.00/turn                (no ring)

@: flying, studying Axes
A: sickness immunity, fire resistance 2, cold vulnerability 1, float, innate
caster, HP casting, extra vitality 1
a: Renounce Religion, Shatter the Chains


You were on level 8 of the Dungeon.
You worshipped Ashenzari.
Ashenzari was aware of your devotion.
You visited 2 branches of the dungeon, and saw 9 of its levels.

You collected 400 gold pieces.

Inventory:

Hand Weapons
 a - a +0 spear (weapon)
 b - a +0 arbalest
Missiles
 j - 5 curare-tipped darts
 u - 89 stones (quivered)
 y - 19 poisoned darts
 z - 4 atropa-tipped darts
 G - 4 boomerangs
Armour
 d - the cursed +1 pair of gloves of the Restrained Sky (worn) {Str+3, Cun, Self}
   (You acquired it on level 4 of the Dungeon)

   It has a curse which improves the following skills: Cunning: Dodging and
   Stealth.
   Introspection: Fighting and Spellcasting.
 e - the cursed +0 leather armour of Ashenzari's Scepticism (worn) {Range, Evo}
   (You found it on level 1 of the Dungeon)

   It has a curse which improves the following skills: Ranged Combat: Ranged
   Weapons and Throwing.
   Evocations: Evocations.
 i - a +0 robe
 q - a +0 helmet (worn)
 F - a +2 robe of the Archmagi
Magical Staves
 I - a staff of fire
Jewellery
 c - an amulet of guardian spirit
 f - a ring of protection from cold (left hand)
 w - an amulet of faith
 H - a ring of poison resistance
Wands
 C - a wand of iceblast (17)
 E - a wand of quicksilver (9)
Scrolls
 g - a scroll of fear
 h - 2 scrolls of teleportation
 k - 3 scrolls of magic mapping
 o - 2 scrolls of poison
 p - a scroll of amnesia
 t - a scroll of summoning
 v - 2 scrolls of noise
 B - 2 scrolls of enchant weapon
Potions
 l - 5 potions of heal wounds
 m - a potion of curing
 n - 3 potions of haste
 r - 2 potions of magic
 s - a potion of brilliance
 x - 2 potions of cancellation
 A - a potion of mutation
Miscellaneous
 D - a phantom mirror


   Skills:
 + Level 6.7(7.6) Fighting
 - Level 3.0 Armour
 + Level 7.0(7.9) Dodging
 - Level 1.5(2.2) Stealth
 + Level 9.6(10.5) Spellcasting
 + Level 4.6(5.5) Evocations


You had 4 spell levels left.
You knew the following spells:

 Your Spells              Type           Power      Damage    Failure   Level
a - Summon Small Mammal   Summ           100%       N/A       1%          1
b - Call Imp              Summ           51%        N/A       1%          2
c - Call Canine Familiar  Summ           51%        N/A       1%          3
d - Summon Guardian Gole  Hex/Summ       51%        N/A       1%          3
e - Summon Lightning Spi  Summ/Air       51%        N/A       1%          4
f - Necrotise             Necr           100%       1d9       1%          1
g - Passwall              Tmut/Erth      42%        N/A       1%          2
h - Vhi's Electric Charg  Tloc/Air       100%       N/A       1%          3
i - Petrify               Tmut/Erth      51%        N/A       1%          4
j - Iskenderun's Mystic   Conj/Tloc      51%        2d11      1%          4
Your spell library was empty.

Dungeon Overview and Level Annotations

Branches:
Dungeon (8/15)             Temple (1/1) D:7
   Lair: D:8-11

Altars:
Ashenzari
Cheibriados
Dithmenos
Elyvilon
Fedhas
Gozag
Hepliaklqana
Makhleb
Nemelex Xobeh
Okawaru
Qazlal
Ru
Trog
Uskayaw
Xom
Yredelemnul
Zin
The Shining One

Shops:
D:3 [


Innate Abilities, Weirdness & Mutations

You are immune to sickness and miasma.
You are immune to poison.
Your flesh is very heat resistant. (rF++)
You are vulnerable to cold. (rC-)
You float through the air rather than walking.
You learn spells naturally, not from books.
Your magical power is your life essence.
You have superior vitality. (+4 MHP)


Message History

The yak gores your guardian golem!
Your guardian golem overheats!
Your white imp barely misses the two-headed ogre.
The yak gores your guardian golem.
Your guardian golem disappears in a puff of smoke!
Your guardian golem explodes!
The fiery explosion engulfs your white imp!!!
Your white imp is burned terribly!
Your white imp dies!
Your white imp disappears in a puff of smoke!
The fiery explosion engulfs the two-headed ogre!!
The fiery explosion engulfs the scorpion!!
The scorpion dies!
The fiery explosion engulfs the wyvern!!
The wyvern dies!
The fiery explosion engulfs the yak!!!
The yak dies!
The fiery explosion engulfs the water moccasin!
The fiery explosion engulfs the yak!!
You hear a shout!
You have reached level 11!
The power to cast Iskenderun's Mystic Blast wells up from within.
Spell assigned to 'j'.
You hear the slow hiss of a very distant avalanche of sand.
Your wolf bites the water moccasin!
The water moccasin is engulfed in blazing flames.
The water moccasin dies!
Your wolf closely misses the wyvern.
The two-headed ogre is engulfed in blazing flames.
The yak is engulfed in blazing flames.
The yak dies!
Your Dodging skill increases to level 7!
The wyvern attacks as you move away!
The wyvern bites you but does no damage.
Your wolf bites the wyvern.
The two-headed ogre attacks as you move away!
The two-headed ogre hits you with a +0 giant club!!
* * * LOW HITPOINT WARNING * * *
The two-headed ogre hits you with a +0 great mace!!
You die...

. ... .. .!. . ... ..
.## .... ..######...♣
#..:. .#...#.....
......###..[..?..P.
## #..@lh..Y).....
..####O.>......[. ..
#. #.§§§.......
...##.#####§.§.......
.........$.§§§.#....
.##.##..###†......P..
#...#§# #######....
###.#.# ... #...####
..


You could see a two-headed ogre, a yak, a wyvern (ally target) and a friendly
wolf (summoned).

Vanquished Creatures
  A necrophage (D:7)
  A hound (D:4)
  An orc wizard (D:7)
  An adder (D:6)
  2 ufetubi
  2 worms (D:2)
  An orc (D:4)
  An endoplasm (D:3)
  3 goblins
  3 hobgoblins
  A jackal (D:4)
  A quokka (D:4)
18 creatures vanquished.

Vanquished Creatures (collateral kills)
  A manticore (D:7)
  A komodo dragon (D:7)
  Grinder (D:4)
  3 wyverns
  3 water moccasins (D:8)
  3 sky beasts
  2 black bears
  An ice beast (D:6)
  An ogre (D:5)
  2 phantoms (D:4)
  2 necrophages
  2 bullfrogs (D:6)
  2 scorpions
  5 wights (D:6)
  5 hounds
  2 orc priests (D:7)
  3 jellies
  Natasha (D:4)
  5 iguanas
  2 orc wizards
  A hound skeleton (D:7)
  2 adders
  A white imp (D:7)
  3 dart slugs
  10 orcs
  5 endoplasms
  3 giant cockroaches
  6 goblins
  4 hobgoblins
  3 jackals
  2 kobolds
  2 quokkas
  6 ball pythons
  2 bats (D:1)
  4 frilled lizards
  5 rats (D:1)
106 creatures vanquished.

Vanquished Creatures (others)
  A two-headed ogre (D:7)
  Pikel (D:4)
  A hornet (D:8)
  2 wyverns (D:8)
  2 yaks (D:8)
  A water moccasin (D:8)
  A black bear (D:4)
  A centaur (D:7)
  A lemure (D:4)
  2 scorpions
  Natasha (D:4)
  A quokka (D:4)
  6 fungi
  8 plants (D:8)
29 creatures vanquished.

Grand Total: 153 creatures vanquished

Notes
Turn   | Place    | Note
-------+----------+-------------------------------------------
     0 | D:1      | oldmanjim the Djinni Summoner began the quest for the Orb.
     0 | D:1      | oldmanjim set off with the following spells memorised:
                  | Summon Small Mammal, Call Imp, Call Canine Familiar, Summon
                  | Guardian Golem, Summon Lightning Spire.
     0 | D:1      | Reached XP level 1. HP: 15/15 MP: 0/0
   258 | D:1      | Reached XP level 2. HP: 21/21 MP: 0/0
   878 | D:2      | Reached XP level 3. HP: 23/25 MP: 0/0
   878 | D:2      | Learned a level 1 spell: Necrotise
  1294 | D:2      | Reached skill level 4 in Spellcasting
  1463 | D:2      | Reached skill level 1 in Fighting
  1756 | D:3      | Reached XP level 4. HP: 24/32 MP: 0/0
  1978 | D:3      | Found Aboedo's Antique Armour Shop.
  2297 | D:4      | Noticed Grinder
  2303 | D:4      | Noticed a phantom
  2506 | D:4      | Noticed a black bear
  2514 | D:4      | Killed a black bear
  2515 | D:4      | Reached XP level 5. HP: 34/38 MP: 0/0
  2515 | D:4      | Learned a level 2 spell: Passwall
  2565 | D:4      | Identified a scroll of acquirement
  2566 | D:4      | Acquired a +0 pair of gloves of strength
  2692 | D:4      | Reached XP level 6. HP: 41/43 MP: 0/0
  2706 | D:4      | Reached skill level 5 in Spellcasting
  2731 | D:4      | Noticed a black bear
  2744 | D:4      | Killed a black bear
  2768 | D:4      | Reached XP level 7. HP: 21/49 MP: 0/0
  2768 | D:4      | Learned a level 3 spell: Vhi's Electric Charge
  2771 | D:4      | Killed Grinder
  2772 | D:4      | Reached skill level 6 in Spellcasting
  3004 | D:4      | Reached XP level 8. HP: 45/54 MP: 0/0
  3038 | D:4      | Noticed Pikel
  3041 | D:4      | Noticed Natasha
  3049 | D:4      | Killed Natasha
  3050 | D:4      | Reached skill level 7 in Spellcasting
  3050 | D:4      | Killed Pikel
  3051 | D:4      | Reached skill level 8 in Spellcasting
  3160 | D:4      | Noticed Natasha
  3166 | D:4      | Killed Natasha
  3380 | D:4      | Found a sacrificial altar of Ru.
  3517 | D:5      | Entered Level 5 of the Dungeon
  3704 | D:5      | Reached XP level 9. HP: 54/58 MP: 0/0
  3704 | D:5      | Learned a level 4 spell: Petrify
  4119 | D:5      | Found a glowing silver altar of Zin.
  4120 | D:5      | Found a broken altar of Ashenzari.
  4136 | D:5      | Became a worshipper of Ashenzari the Shackled
  4964 | D:6      | Reached skill level 5 in Dodging
  5050 | D:6      | Reached skill level 1 in Armour
  5050 | D:6      | Reached skill level 1 in Evocations
  5335 | D:7      | Noticed a komodo dragon
  5335 | D:7      | Found a bloodstained altar of Trog.
  5339 | D:7      | Noticed a two-headed ogre
  5710 | D:7      | Found a staircase to the Ecumenical Temple.
  5716 | Temple   | Entered the Ecumenical Temple
  5861 | D:7      | Reached skill level 9 in Spellcasting
  5866 | D:7      | Reached XP level 10. HP: 52/69 MP: 0/0
  5869 | D:7      | Killed a two-headed ogre
  5870 | D:7      | Reached skill level 5 in Fighting
  5881 | D:7      | Killed a komodo dragon
  5884 | D:7      | Noticed a manticore
  5891 | D:7      | Killed a manticore
  6418 | D:7      | Reached * piety under Ashenzari
  6462 | D:7      | Found a burning altar of Makhleb.
  6702 | D:8      | Noticed a two-headed ogre
  6713 | D:8      | Reached XP level 11. HP: 34/79 MP: 0/0
  6713 | D:8      | Learned a level 4 spell: Iskenderun's Mystic Blast
  6715 | D:8      | Demolished by a two-headed ogre

Illustrated notes

Levels and vault maps discovered:
D:1:      heliophobic_arrival_dark_side_of_the_moon, layout_basic,
          grunt_decor_cap, supply_closet_lemuel, minmay_pentomino_x4
D:2:      layout_loops_cross
D:3:      layout_loops_ring, serial_shops, nicolae_shop_trees
D:4:      layout_loops_ring, nicolae_ru_the_path_less_chosen,
          kennysheep_generic_room_14, uniq_grinder, uniq_pikel, uniq_natasha
D:5:      layout_loops_ring, gammafunk_temple_overflow_pools, dk_noncrumbling_3,
          water_boxes_lemuel
D:6:      layout_gridville
D:7:      layout_basic, nicolae_overflow_crystal_walls,
          makhleb_blood_cavern_becter, lemuel_crystal_altar, temple_green,
          hangedman_abyss_or_decor_passed, minmay_manual_mess
D:8:      layout_rooms, minmay_lair_entry_grove, chequers_ossuary_entry_cave
Temple:   nicolae_temple_superstar

Skill      XL: |  1  2  3  4  5  6  7  8  9 10 11 |
---------------+----------------------------------+-----
Spellcasting   | 4 5 6 8 9 |  9.6
Fighting       | 1 2 4 6 |  6.7
Dodging        | 3 5 6 7 |  7.0
Armour         | 2 3 |  3.0
Evocations     | 1 4 |  4.6
Stealth        | |  1.5

Action                   |  1- 3 |  4- 6 |  7- 9 | 10-12 || total
-------------------------+-------+-------+-------+-------++-------
Melee: Spear             |    26 |    38 |    85 |    15 ||   164
       Punch             |       |       |     4 |       ||     4
 Fire: Arbalest          |       |       |     2 |       ||     2
Throw: Stone             |       |       |     1 |       ||     1
 Cast: Summon Small Mamm |    28 |     2 |     4 |       ||    34
       Call Imp          |    14 |     1 |     8 |     4 ||    27
       Call Canine Famil |     8 |    11 |    19 |     8 ||    46
       Summon Guardian G |       |     5 |    19 |     9 ||    33
       Summon Lightning  |       |     2 |    19 |     8 ||    29
       Petrify           |       |       |     2 |       ||     2
Invok: Curse Item        |       |       |     1 |     1 ||     2
  Use: Scroll            |       |     8 |     5 |       ||    13
 Stab: Sleeping          |     1 |       |     4 |       ||     5
       Distracted        |       |       |     1 |     1 ||     2
Armor: Robe              |     7 |     3 |    10 |       ||    20
       Leather armour    |       |       |    10 |     9 ||    19
Dodge: Dodged            |    10 |     7 |    37 |    10 ||    64

Table legend: (Time is in decaauts)
 A = Elapsed time spent in this place.
 B = Non-inter-level travel time spent in this place.
 C = Inter-level travel time spent in this place.
 D = Time resting spent in this place.
 E = Time spent auto-exploring this place.
 F = Levels seen in this place.
 G = Mean time per level.
                   A        B        C        D        E       F      G
               +--------+--------+--------+--------+--------+-----+--------+
         Total |   6736 |   6449 |    287 |    255 |   4870 |   9 |  748.4 |
       Dungeon |   6639 |   6360 |    279 |    255 |   4796 |   8 |  829.9 |
        Temple |     96 |     88 |      8 |      0 |     74 |   1 |   96.0 |
               +--------+--------+--------+--------+--------+-----+--------+

Top non-repeatable levels by time:
     D:6: 1281 daAuts
     D:4: 1165 daAuts
     D:7: 987 daAuts
     D:1: 869 daAuts
     D:3: 804 daAuts
     D:5: 792 daAuts
     D:2: 687 daAuts
  Temple: 96 daAuts
     D:8: 51 daAuts
